 Dungeon Crawl Stone Soup version 0.19.1 (webtiles) character file.

12 Inchmeat the Grasshopper (level 2, 0/26 HPs)
             Began as a Naga Warper on Dec 27, 2016.
             Slain by a quokka (2 damage)
             ... while paralysed by Ijyb
             ... on level 2 of the Dungeon.
             The game lasted 00:02:56 (625 turns).

Inchmeat the Grasshopper (Naga Warper)               Turns: 625, Time: 00:02:56

Health: 0/26       AC:  2    Str: 13    XL:     2   Next: 33%
Magic:  5/5        EV:  1    Int: 13    God:
Gold:   57         SH:  0    Dex: 10    Spells: 1 memorised, 3 levels left

rFire  . . .     SeeInvis +     a - +0 spear
rCold  . . .     Gourm    .     b - +0 leather armour
rNeg   . . .     Faith    .     (no shield)
rPois  +         Spirit   .     (no helmet)
rElec  .         Reflect  .     (no cloak)
rCorr  .         Harm     .     (no gloves)
MR     .....                    (no barding)
Stlth  +.........               (no amulet)
                                (no ring)
                                j - ring of flight

@: paralysed, very slow
A: see invisible, deformed body, poison resistance, slowness 2, slow metabolism
1, spit poison 1, AC +0
a: Spit Poison, Evoke Flight


You were on level 2 of the Dungeon.
You were not hungry.

You visited 1 branch of the dungeon, and saw 2 of its levels.

You collected 57 gold pieces.

Inventory:

Hand Weapons
 a - a +0 spear (weapon)
Missiles
 e - 5 tomahawks of dispersal (quivered)
 k - 4 silver javelins
Armour
 b - a +0 leather armour (worn)
Jewellery
 j - a ring of flight (left hand)
Scrolls
 d - a scroll of blinking
 h - a scroll of noise {unknown}
 l - a scroll of identify {unknown}
 m - a scroll of random uselessness {unknown}
Potions
 g - a potion of degeneration {unknown}
 i - a potion of curing {unknown}
Books
 c - a book of Spatial Translocations

   Spells                             Type                      Level
   a - Blink                          Translocation                2
   b - Shroud of Golubria             Charms/Translocation         2
   c - Lesser Beckoning               Translocation                3
   d - Portal Projectile              Translocation                3
   e - Teleport Other                 Translocation                3
   f - Passage of Golubria            Translocation                4
Comestibles
 f - a bread ration


   Skills:
 - Level 2.0 Fighting
 * Level 2.6 Polearms
 - Level 0.8 Throwing
 - Level 0.7 Armour
 - Level 1.5 Dodging
 + Level 0.4 Stealth
 + Level 2.1 Spellcasting
 + Level 3.0 Translocations


You had 3 spell levels left.
You knew the following spells:

 Your Spells              Type           Power        Failure   Level  Hunger
a - Blink                 Tloc           N/A          14%         2    ###....


Dungeon Overview and Level Annotations

Branches:
Dungeon (2/15)

Altars:

Annotations:
D:2 Ijyb


Innate Abilities, Weirdness & Mutations

You cannot wear boots.
Your serpentine skin is tough. (AC +0)
You have supernaturally acute eyesight. (SInv)
Armour fits poorly on your strangely shaped body.
Your system is resistant to poisons. (rPois)
You cover ground very slowly.
You have a slow metabolism.
You can spit poison.


Message History

The hobgoblin barely misses you.
Found a stone staircase leading down.
An adder and a kobold come into view.
You closely miss the hobgoblin.
The hobgoblin hits you but does no damage.
The adder hisses angrily.
The hobgoblin closely misses you.
There is a stone staircase leading up here.
The kobold shouts!
Ijyb zaps a wand.
You suddenly lose the ability to move!
It is a wand of paralysis.
The hobgoblin hits you with a club. The hobgoblin hits you with a club.
The quokka bites you.
The quokka twitches its whiskers.
The quokka bites you. x2
The hobgoblin hits you with a club.
* * * LOW HITPOINT WARNING * * *
The quokka bites you.
* * * LOW HITPOINT WARNING * * *
The hobgoblin completely misses you. The quokka bites you.
You die...

## .(.# # .
..... .# ...
......####.#....
.......@rSw.....
.......gg.......
.##.###.K.......
# ##..%.....
##.......
#.....> ......
...... ......


You could see Ijyb, a worm, an adder, a quokka, a hobgoblin and a kobold.

Vanquished Creatures
  A ball python (D:1)
  2 giant cockroaches (D:1)
  A hobgoblin (D:1)
  3 bats (D:1)
  3 goblins (D:1)
  3 rats (D:1)
13 creatures vanquished.

Notes
Turn   | Place    | Note
-------+----------+-------------------------------------------
     0 | D:1      | Inchmeat the Naga Warper began the quest for the Orb.
     0 | D:1      | Reached XP level 1. HP: 19/19 MP: 3/3
   205 | D:1      | Reached XP level 2. HP: 21/26 MP: 5/5
   355 | D:1      | Learned a level 2 spell: Blink
   617 | D:2      | Noticed Ijyb
   620 | D:2      | Paralysed by Ijyb for 6 turns
   625 | D:2      | Slain by a quokka

Action                   || total
-------------------------++-------
Melee: Spear             ||    40
 Abil: Spit Poison       ||     3
Armor: Leather armour    ||     7
Dodge: Dodged            ||    22
